 Dungeon Crawl Stone Soup version 0.30-a0-622-gddc90eaa04 (webtiles) character file.

Game seed: 8224814621690372421

51 Zonian the Sneak (level 3, -10/18 HPs)
             Began as a Vine Stalker Brigand on Jan 11, 2023.
             Mangled by a gnoll
             ... wielding the +10 rapier of the Unseen Realm {pain, rC+ Str-5 Int+3 SInv}
              (11 damage)
             ... on level 2 of the Dungeon.
             The game lasted 00:02:27 (1376 turns).

Zonian the Sneak (Vine Stalker Brigand)             Turns: 1376, Time: 00:02:27

Health: -10/18     AC:  6    Str: 13    XL:     3   Next: 83%
Magic:  0/4        EV: 12    Int: 11    God:
Gold:   164        SH:  0    Dex: 17    Spells: 2/2 levels left

rFire   . . .      SeeInvis .    f - +1 dagger (speed)
rCold   . . .      Faith    .    (no shield)
rNeg    . . .      Spirit   +    b - +0 robe
rPois   .          Reflect  .    (no helmet)
rElec   .          Harm     .    c - +0 cloak
rCorr   .          Rampage  .    k - +1 pair of gloves
Will    .....                    o - +0 pair of boots
Stlth   +++                      (no amulet)
HPRegen 0.23/turn                (no ring)
MPRegen 0.09/turn                (no ring)

@: no status effects
A: fangs 2, magic shield, antimagic bite, no potion heal 2
a: no special abilities


You were on level 2 of the Dungeon.
You visited 1 branch of the dungeon, and saw 2 of its levels.

You collected 164 gold pieces.

Inventory:

Hand Weapons
 a - a +2 dagger
 f - a +1 dagger of speed (weapon)
Missiles
 d - 9 poisoned darts (quivered)
 e - 3 curare-tipped darts
Armour
 b - a +0 robe (worn)
 c - a +0 cloak (worn)
 k - a +1 pair of gloves (worn)
 o - a +0 pair of boots (worn)
Scrolls
 h - a scroll of fear {unknown}
 l - a scroll of noise {unknown}
Potions
 i - 2 potions of heal wounds {unknown}
 j - a potion of mutation {unknown}
 m - a potion of might {unknown}
 n - 2 potions of flight {unknown}


   Skills:
 - Level 2.1 Fighting
 + Level 2.8 Short Blades
 - Level 1.9 Throwing
 - Level 1.1 Dodging
 + Level 5.2 Stealth


You had 2 spell levels left.
You didn't know any spells.
Your spell library contained the following spells:

 Spells                   Type           Power      Damage    Failure   Level
 Summon Guardian Golem    Hex/Summ       0%         N/A       71%         3
 Orb of Destruction       Conj           0%         9d5       100%        7
 Spellforged Servitor     Conj/Summ      0%         N/A       100%        7


Dungeon Overview and Level Annotations

Branches:
Dungeon (2/15)

Altars:


Innate Abilities, Weirdness & Mutations

You have extremely sharp teeth.
When hurt, damage is shared between your health and your magic reserves.
Your bite disrupts and absorbs the magic of your enemies.
Potions cannot restore your health.


Message History

Unknown command.
You now have 164 gold pieces (gained 12).
Found a whip.
A bat comes into view.
Unknown command.
A gnoll comes into view. It is wielding a +0 flail.
A gnoll comes into view. It is wielding a +0 hand axe.
The bat hits you but does no damage.
You closely miss the bat. The bat barely misses you.
You hit the bat.
You kill the bat!
No target in view! 2 gnolls come into view.
A gnoll is wielding the +10 rapier of the Unseen Realm {pain, rC+ Str-5 Int+3 SInv}.
The gnoll shouts!
Found a faded altar of an unknown god.
The gnoll shouts!
The gnoll attacks as you move away!
The gnoll hits you with the +10 rapier of the Unseen Realm {pain, rC+ Str-5 Int+3 SInv}!
Ouch! That really hurt!
You are too injured to fight recklessly!
You are too injured to fight recklessly!
You closely miss the gnoll. You bite the gnoll. You drain its power.
You feel invigorated.
The gnoll is moderately wounded.
You closely miss the gnoll. You bite the gnoll, but do no damage.
The gnoll is moderately wounded.
The gnoll hits you with the +10 rapier of the Unseen Realm {pain, rC+ Str-5 Int+3 SInv}!
* * * LOW HITPOINT WARNING * * *
You writhe in agony.
Unknown command.
The air fills with toxic fumes!
As you read the scroll labelled IGRYG YHESHIME, it crumbles to dust.
It was a scroll of poison.
The gnoll completely misses you.
As you read the scroll labelled NAYBAXEDAH, it crumbles to dust.
It is a scroll of enchant armour.
Your +0 pair of gloves glows green for a moment.
The gnoll hits you with the +10 rapier of the Unseen Realm {pain, rC+ Str-5 Int+3 SInv}!
Ouch! That really hurt!
You die...

#...# #.....#.#
#§§§# #>.......
#§§§# ##.####..
#§§§###### #S#
#†. #§§§.§§§§#
#.# #§§§.§§§§#
# ###.#
#§§§.§§§.§§§
#....
##§§§#§#§§§§§
#.###
##§§gg@§§§§§§§
#.#..
#§§###########
# #.# #...#...#
# .).
#...#.#.#.#g#.#
#.#
#...g.g.g......
#.
#...#.#.#.#.#.#
# #...#.†.#_#
#...#.#.# #
##......).


You could see 2 gnolls.

Vanquished Creatures
  2 adders (D:2)
  A dart slug (D:1)
  3 endoplasms
  A giant cockroach (D:2)
  2 goblins (D:1)
  6 hobgoblins
  3 kobolds (D:1)
  2 quokkas (D:1)
  3 ball pythons
  3 bats
  2 frilled lizards
  A rat (D:1)
29 creatures vanquished.

Vanquished Creatures (others)
  7 fungi
  6 plants (D:2)
  2 toadstools (D:1)
15 creatures vanquished.

Grand Total: 44 creatures vanquished

Notes
Turn   | Place    | Note
-------+----------+-------------------------------------------
     0 | D:1      | Zonian the Vine Stalker Brigand began the quest for the
                  | Orb.
     0 | D:1      | Reached XP level 1. HP: 11/11 MP: 2/2
   171 | D:1      | Reached skill level 1 in Dodging
   171 | D:1      | Reached XP level 2. HP: 13/15 MP: 3/3
   173 | D:1      | Reached skill level 5 in Stealth
   788 | D:1      | Reached XP level 3. HP: 12/18 MP: 4/4
  1358 | D:2      | Identified the +10 rapier of the Unseen Realm {pain, rC+
                  | Str-5 Int+3 SInv}
  1359 | D:2      | Found a faded altar of an unknown god.
  1376 | D:2      | Mangled by a gnoll

Illustrated notes

Levels and vault maps discovered:
D:1:      lemuel_arrival_muddy, layout_loops_corners, serial_bayou_pond_c,
          minmay_gold_behind_fungi, patterned_corridor
D:2:      layout_basic, shapermc_ecumenical_altar_mp_urbaneastern,
          hangedman_decor_opposing, hangedman_abyss_or_decor_stabs,
          minmay_pentomino_v2

Skill      XL: |  1  2 |
---------------+-------+-----
Dodging        | 1 |  1.1
Stealth        | 5 |  5.2
Fighting       | 2 |  2.1
Short Blades   | 2 |  2.8
Throwing       | |  1.9

Action                   || total
-------------------------++-------
Melee: Dagger            ||    87
       Bite              ||    26
       Punch             ||     1
  Use: Scroll            ||     2
 Stab: Sleeping          ||    11
Armor: Robe              ||     7
Dodge: Dodged            ||    26

Table legend: (Time is in decaauts)
 A = Elapsed time spent in this place.
 B = Non-inter-level travel time spent in this place.
 C = Inter-level travel time spent in this place.
 D = Time resting spent in this place.
 E = Time spent auto-exploring this place.
 F = Levels seen in this place.
 G = Mean time per level.
                   A        B        C        D        E       F      G
               +--------+--------+--------+--------+--------+-----+--------+
         Total |   1343 |   1333 |     10 |      0 |   1037 |   2 |  671.5 |
       Dungeon |   1343 |   1333 |     10 |      0 |   1037 |   2 |  671.5 |
               +--------+--------+--------+--------+--------+-----+--------+

Top non-repeatable levels by time:
     D:1: 1093 daAuts
     D:2: 250 daAuts
